 Dungeon Crawl Stone Soup version 0.21.1-1-g345015fe64 (webtiles) character file.

17481 IceCat the Basher (level 12, -4/118 HPs)
             Began as a Gargoyle Berserker on July 27, 2018.
             Was a High Priest of Trog.
             Slain by an orc high priest
             ... wielding a +0 war axe
              (11 damage)
             ... on level 2 of the Orcish Mines.
             The game lasted 01:17:57 (10877 turns).

IceCat the Basher (Gargoyle Berserker)             Turns: 10877, Time: 01:17:57

Health: -4/118     AC: 30    Str: 34    XL:     12   Next: 48%
Magic:  15/15      EV:  9    Int:  9    God:    Trog [*****.]
Gold:   573        SH:  0    Dex:  9    Spells: 11/11 levels left

rFire    . . .     SeeInvis .   V - +3 great mace
rCold    . . .     Gourm    +   (shield currently unavailable)
rNeg     + . .     Faith    .   G - +0 plate armour
rPois    ∞         Spirit   .   N - +2 helmet
rElec    +         Reflect  .   (no cloak)
rCorr    .         Harm     .   (no gloves)
MR       ++...                  (no boots)
Stlth    ..........             s - amulet of the gourmand
HPRegen  1.29/turn              j - +4 ring of protection
MPRegen  0.14/turn              E - +4 ring of strength

@: berserking, liquid flames, regenerating, glowing, very quick
A: negative energy resistance 1, electricity resistance, unbreathing,
petrification resistance, rot immunity, AC +8
a: Berserk, Trog's Hand, Brothers in Arms, Burn Spellbooks, Renounce Religion


You were on level 2 of the Orcish Mines.
You worshipped Trog.
Trog was extremely pleased with you.
You were very full.

You visited 2 branches of the dungeon, and saw 13 of its levels.

You collected 842 gold pieces.
You spent 269 gold pieces at shops.

Inventory:

Hand Weapons
 u - a +3 flail of crushing
 M - a +2 dire flail of protection
 V - a +3 great mace (weapon)
Armour
 n - a +2 leather armour of magic resistance
 G - a +0 plate armour (worn)
 N - a +2 helmet (worn)
Jewellery
 j - a +4 ring of protection (left hand)
 s - an amulet of the gourmand (around neck)
 w - an uncursed ring of protection from fire
 E - a +4 ring of strength (right hand)
 O - an uncursed ring of ice
 P - an uncursed ring of protection from cold
Wands
 d - a wand of disintegration (7)
 f - a wand of digging (11)
 o - a wand of iceblast (27)
 B - a wand of acid (10)
 C - a wand of polymorph (52)
 D - a wand of flame (12)
 F - a wand of random effects (9)
Scrolls
 e - 2 scrolls of magic mapping
 g - 6 scrolls of identify
 h - 2 scrolls of fog
 i - 7 scrolls of teleportation
 k - a scroll of fear
 m - a scroll of enchant armour
 r - a scroll of noise
 y - 2 scrolls of remove curse
 H - 2 scrolls of blinking
 J - a scroll of acquirement {unknown}
 L - a scroll of enchant weapon
 Q - a scroll of holy word {unknown}
Potions
 a - a potion of brilliance
 b - a potion of invisibility
 l - a potion of curing
 p - 2 potions of flight
 t - a potion of magic
 v - 3 potions of berserk rage
 z - a potion of resistance
 A - a potion of agility
 S - a potion of haste
 T - a potion of ambrosia {unknown}
Books
 I - a book of Cantrips

   Spells                             Type                      Level
   a - Confusing Touch                Hexes                        1
   b - Animate Skeleton               Necromancy                   1
   c - Summon Small Mammal            Summoning                    1
   d - Apportation                    Translocation                1
   Trog disapproves of the use of such an item.
 R - a book of Transfigurations

   Spells                             Type                      Level
   a - Irradiate                      Conjuration/Transmutation    5
   b - Statue Form                    Transmutation/Earth          6
   c - Hydra Form                     Transmutation                6
   d - Dragon Form                    Transmutation                7
   Trog disapproves of the use of such an item.
Comestibles
 c - 19 rations


   Skills:
 + Level 10.8 Fighting
 + Level 14.5 Maces & Flails
 + Level 9.2 Armour
 - Level 3.0 Dodging
 - Level 1.0 Stealth
 - Level 4.0 Evocations


You had 11 spell levels left.
You didn't know any spells.

Dungeon Overview and Level Annotations

Branches:
Dungeon (11/15)            Temple (0/1) D:7            Lair (0/6) D:8
    Orc (2/2) D:11
    Elf: Orc:2

Altars:
Dithmenos
Gozag
Hepliaklqana
Nemelex Xobeh
Trog
Uskayaw
Wu Jian

Shops:
D:8 *   D:9 =*   Orc:2 !?

Annotations:
D:7 exclusion: oklob sapling


Innate Abilities, Weirdness & Mutations

You are resistant to torment.
Your stone body is resilient. (AC +8)
You are immune to poison.
You resist negative energy. (rN+)
You are resistant to electric shocks. (rElec)
You can survive without breathing.
You are immune to petrification.
You are immune to rotting.


Message History

* * * LOW HITPOINT WARNING * * *
The orc high priest closely misses you.
You closely miss the orc high priest.
The orc high priest is severely wounded.
You are covered in liquid flames!
* * * LOW HITPOINT WARNING * * *
The orc high priest hits you with a war axe.
* * * LOW HITPOINT WARNING * * *
The orange demon stings you but does no damage.
The soul eater hits you but does no damage.
The red devil hits you but does no damage.
You bludgeon the orc high priest!!
You kill the orc high priest!
Trog accepts your kill.
The soul eater disappears in a puff of smoke!
You are covered in liquid flames!
* * * LOW HITPOINT WARNING * * *
The orange demon stings you but does no damage.
The orc high priest hits you with a war axe!
You die...

##.)#.....# ..
##..)..#.∩## #.#
##....#...### ...#
##...#.)..###. #..o#
##......).###.. #..o#
##...###..###...
#..o###...###..###....
#.4o#§.3###..###.....
#.#@#§###..###......
#4).###..###.......
##.###..###......).
####..###.......)<
#))###.........)
#...##<.........)
.T.............#...
..............#......
..............##......


You could see 2 orc knights, an orc high priest, an orange demon, a smoke demon,
a red devil and an orc priest.

Vanquished Creatures
  An orc warlord (Orc:2)
  Erolcha (D:11)
  2 two-headed ogres
  An orc high priest (Orc:2)
  3 orc knights
  2 orc sorcerers (Orc:2)
  A centaur zombie (D:11)
  2 kobold demonologists (D:9)
  A troll (Orc:2)
  2 hornets (D:10)
  2 hippogriffs (D:11)
  A shadow (D:11)
  4 yaks (D:11)
  A wyvern (D:8)
  A chaos spawn (Orc:2)
  2 wargs (Orc:1)
  A sky beast (D:8)
  19 orc warriors
  2 black bears
  3 ice beasts (D:9)
  8 ogres
  8 centaurs
  A crocodile (D:11)
  2 big kobolds
  Blork the orc (D:6)
  11 bullfrogs
  A water moccasin zombie (D:9)
  A wyvern zombie (D:7)
  A scorpion (D:7)
  3 killer bees (D:11)
  5 wights (D:9)
  2 bullfrog zombies
  5 crimson imps
  3 howler monkeys
  2 quasits
  4 hounds
  A jelly (D:10)
  17 orc priests
  3 bullfrog skeletons
  An iron imp (D:11)
  5 iguanas
  17 orc wizards
  2 centaur skeletons
  Ijyb (D:5)
  Natasha (thrice) (D:4)
  6 worker ants
  A hound skeleton (D:9)
  A howler monkey zombie (D:11)
  13 adders
  3 shadow imps
  An adder skeleton (D:7)
  4 worms
  A dart slug (D:2)
  6 leopard geckos
  98 orcs
  5 giant cockroaches
  11 goblins
  9 hobgoblins
  3 jackals (D:4)
  13 kobolds
  8 quokkas
  8 bats
  4 frilled lizards
  A jackal zombie (D:9)
  2 leopard gecko zombies
  A quokka skeleton (D:7)
  8 rats
367 creatures vanquished.

Vanquished Creatures (collateral kills)
  A soul eater (Orc:2)
  An orc knight (Orc:2)
  A rust devil (Orc:2)
  A vampire (D:11)
  2 yaks (D:11)
  2 orc warriors (Orc:2)
  An orc priest (Orc:2)
  2 orcs
11 creatures vanquished.

Vanquished Creatures (others)
  A hound (D:6)
  A jelly (D:6)
  An orc (Orc:2)
3 creatures vanquished.

Grand Total: 381 creatures vanquished

Notes
Turn   | Place    | Note
-------+----------+-------------------------------------------
     0 | D:1      | IceCat the Gargoyle Berserker began the quest for the Orb.
     0 | D:1      | Reached XP level 1. HP: 14/14 MP: 1/1
    52 | D:1      | Reached XP level 2. HP: 9/19 MP: 2/2
   686 | D:1      | Reached XP level 3. HP: 21/24 MP: 3/3
   861 | D:2      | Reached ** piety under Trog
  1373 | D:2      | Reached XP level 4. HP: 29/29 MP: 4/4
  1507 | D:2      | Reached skill level 4 in Maces & Flails
  1663 | D:3      | Reached XP level 5. HP: 26/33 MP: 5/5
  1683 | D:3      | Found an opulent altar of Gozag.
  1711 | D:3      | Reached skill level 5 in Maces & Flails
  1716 | D:3      | Reached skill level 1 in Stealth
  1716 | D:3      | Reached XP level 6. HP: 22/39 MP: 6/6
  1727 | D:3      | Reached *** piety under Trog
  2182 | D:3      | Noticed a moth of wrath
  2185 | D:3      | Found a bloodstained altar of Trog.
  2373 | D:4      | Noticed Natasha
  2382 | D:4      | Killed Natasha
  2389 | D:4      | Noticed Natasha
  2393 | D:4      | Reached XP level 7. HP: 43/44 MP: 7/7
  2407 | D:4      | Killed Natasha
  2453 | D:4      | Noticed Natasha
  2461 | D:4      | Killed Natasha
  2461 | D:4      | Reached skill level 6 in Maces & Flails
  2532 | D:4      | Reached skill level 1 in Evocations
  2898 | D:5      | Entered Level 5 of the Dungeon
  2938 | D:5      | Reached skill level 5 in Fighting
  3029 | D:5      | Found a shadowy altar of Dithmenos.
  3038 | D:5      | Reached **** piety under Trog
  3058 | D:5      | Reached skill level 7 in Maces & Flails
  3058 | D:5      | Reached XP level 8. HP: 49/49 MP: 9/9
  3448 | D:5      | Noticed Ijyb
  3459 | D:5      | Killed Ijyb
  3888 | D:6      | Found a hazy altar of Hepliaklqana.
  4224 | D:6      | Noticed Blork the orc
  4236 | D:6      | Killed Blork the orc
  4788 | D:7      | Reached skill level 8 in Maces & Flails
  4888 | D:7      | Reached XP level 9. HP: 39/55 MP: 11/11
  4956 | D:7      | Found a staircase to the Ecumenical Temple.
  5131 | D:7      | Found an ornate altar of the Wu Jian Council.
  5426 | D:7      | Reached skill level 9 in Maces & Flails
  6066 | D:8      | Found a sparkling altar of Nemelex Xobeh.
  6108 | D:8      | Reached skill level 5 in Armour
  6135 | D:8      | Found Jejuywi's Assorted Antiques.
  6141 | D:8      | Bought a glowing helmet for 217 gold pieces
  6156 | D:8      | Bought a glowing red potion for 26 gold pieces
  6156 | D:8      | Bought a fizzy grey potion for 26 gold pieces
  6253 | D:8      | Found a staircase to the Lair.
  6351 | D:8      | Noticed a two-headed ogre
  6362 | D:8      | Killed a two-headed ogre
  6362 | D:8      | Reached skill level 10 in Maces & Flails
  6362 | D:8      | Reached XP level 10. HP: 34/63 MP: 13/13
  6618 | D:8      | Reached ***** piety under Trog
  6952 | D:9      | Found a hide-covered altar of Uskayaw.
  6957 | D:9      | Found Witaloel's General Store.
  7065 | D:9      | Noticed a two-headed ogre
  7093 | D:9      | Killed a two-headed ogre
  7093 | D:9      | Reached skill level 11 in Maces & Flails
  7119 | D:9      | Noticed a kobold demonologist
  7134 | D:9      | Killed a kobold demonologist
  7143 | D:9      | Found Ruvaibbu's Jewellery Shop.
  7352 | D:9      | Noticed a kobold demonologist
  7360 | D:9      | Killed a kobold demonologist
  7423 | D:9      | Reached skill level 12 in Maces & Flails
  7648 | D:10     | Entered Level 10 of the Dungeon
  8090 | D:10     | Reached XP level 11. HP: 69/69 MP: 14/14
  8768 | D:11     | Received a gift from Trog
  8779 | D:11     | Reached skill level 13 in Maces & Flails
  8933 | D:11     | Noticed Erolcha
  8961 | D:11     | Killed Erolcha
  8997 | D:11     | Found a staircase to the Orcish Mines.
  9300 | Orc:1    | Entered Level 1 of the Orcish Mines
  9436 | Orc:2    | Entered Level 2 of the Orcish Mines
  9436 | Orc:2    | Noticed an orc knight
  9456 | Orc:2    | Noticed an orc sorcerer
  9541 | Orc:2    | Noticed an orc warlord
  9542 | Orc:2    | Noticed a soul eater
  9556 | Orc:1    | Killed an orc knight
  9762 | Orc:2    | Killed an orc warlord
  9762 | Orc:2    | Reached skill level 10 in Fighting
  9764 | Orc:2    | Killed an orc sorcerer
  9764 | Orc:2    | Reached XP level 12. HP: 77/77 MP: 15/15
  9969 | Orc:2    | Noticed a sun demon
 10007 | Orc:2    | Reached skill level 14 in Maces & Flails
 10092 | Orc:2    | Found Buuseid's Distillery.
 10096 | Orc:2    | Reached ****** piety under Trog
 10098 | Orc:2    | Received a gift from Trog
 10103 | Orc:2    | Noticed a soul eater
 10123 | Orc:2    | Killed a soul eater
 10475 | Orc:2    | Found Qozxaq's Magic Scroll Boutique.
 10864 | Orc:2    | Noticed an orc high priest
 10864 | Orc:2    | Noticed an orc high priest
 10872 | Orc:2    | Noticed a soul eater
 10877 | Orc:2    | Killed an orc high priest
 10877 | Orc:2    | Slain by an orc high priest

Skill      XL: |  1  2  3  4  5  6  7  8  9 10 11 12 |
---------------+-------------------------------------+-----
Dodging        | 2 3 |  3.0
Maces & Flails | 4 5 7 8 10 12 13 14 | 14.5
Fighting       | 4 5 7 8 10 | 10.8
Stealth        | 1 |  1.0
Evocations     | 2 3 4 |  4.0
Armour         | 3 4 6 8 9 |  9.2

Action                   |  1- 3 |  4- 6 |  7- 9 | 10-12 || total
-------------------------+-------+-------+-------+-------++-------
Melee: Mace              |   134 |   124 |    45 |       ||   303
       Flail             |       |    32 |   191 |       ||   223
       Dire flail        |       |       |   108 |   580 ||   688
       Unarmed           |       |       |       |     1 ||     1
       Great mace        |       |       |       |   116 ||   116
Invok: Berserk           |       |     2 |       |    11 ||    13
       Trog's Hand       |       |       |       |     2 ||     2
       Brothers in Arms  |       |       |       |     2 ||     2
Evoke: Wand              |       |       |    10 |    29 ||    39
  Use: Scroll            |       |     5 |    12 |     3 ||    20
       Potion            |       |       |     8 |     3 ||    11
 Stab: Sleeping          |       |     1 |       |       ||     1
  Eat: Chunk             |     2 |     5 |    24 |    27 ||    58
Armor: Animal skin       |    59 |    11 |       |       ||    70
       Leather armour    |       |    79 |    48 |       ||   127
       Plate armour      |       |       |   158 |   570 ||   728
Dodge: Dodged            |   107 |   144 |   152 |   291 ||   694
